 Dungeon Crawl Stone Soup version 0.29-a0-837-g174bc33265 (webtiles) character file.

Game seed: 10453224010476756277

1400 Decritt the Trooper (level 8, 0/53 HPs)
             Began as a Gargoyle Fighter on July 13, 2022.
             Killed by divine providence
             ... invoked by an orc priest
              (14 damage)
             ... on level 6 of the Dungeon.
             The game lasted 00:13:33 (6286 turns).

Decritt the Trooper (Gargoyle Fighter)              Turns: 6286, Time: 00:13:34

Health: 0/53       AC: 29    Str: 22    XL:     8   Next: 69%
Magic:  8/8        EV:  9    Int:  4    God:
Gold:   344        SH: 10    Dex: 17    Spells: 7/7 levels left

rFire   + + .      SeeInvis .   G - +3 Elemental Staff {rElec rF++ rC++ AC+5}
rCold   + + .      Faith    .   c - +0 buckler
rNeg    + . .      Spirit   .   q - +0 chain mail
rPois   ∞          Reflect  +   x - +1 helmet
rElec   +          Harm     .   z - +2 cloak
rCorr   .          Rampage  .   h - +0 pair of gloves
Will    .....                   b - +1 pair of boots of Reor {Int-5 Dex+8}
Stlth   ..........              a - amulet of reflection
HPRegen 0.17/turn               (no ring)
MPRegen 0.11/turn               (no ring)

@: no status effects
A: sickness immunity, AC +5, negative energy resistance 1, electricity
resistance, torment resistance 1, petrification resistance
a: no special abilities


You were on level 6 of the Dungeon.
You visited 1 branch of the dungeon, and saw 6 of its levels.

You collected 344 gold pieces.

Inventory:

Hand Weapons
 f - the +6 executioner's axe "Poreb" {flame, *Noise Dex+2 SInv}
   (You acquired it on level 2 of the Dungeon)

   It burns those it strikes, dealing additional fire damage.
   Big, fiery blades are also staple armaments of hydra-hunters.
   Dex:       It affects your dexterity (+2).
   SInv:      It lets you see invisible.
   *Noise:    It may make noises in combat.
 y - a +0 hammer
 G - the +3 Elemental Staff (weapon) {rElec rF++ rC++ AC+5}
   (You acquired it on level 5 of the Dungeon)

   If the wielder is skilled in Evocations, they can discharge powerful blasts
   of elemental energy when striking with it.
   It enhances your fire, ice, earth and air magic.
   AC:        It affects your AC (+5).
   rF:        It greatly protects you from fire.
   rC:        It greatly protects you from cold.
   rElec:     It insulates you from electricity.
Missiles
 o - 5 poisoned darts
 w - 5 silver javelins
Armour
 b - the +1 pair of boots of Reor (worn) {Int-5 Dex+8}
   (You acquired it on level 2 of the Dungeon)

   Int:       It affects your intelligence (-5).
   Dex:       It affects your dexterity (+8).
 c - a +0 buckler (worn)
 h - a +0 pair of gloves (worn)
 l - an orb of light
 q - a +0 chain mail (worn)
 x - a +1 helmet (worn)
 z - a +2 cloak (worn)
Jewellery
 a - an amulet of reflection (around neck)
Wands
 B - a wand of flame (16)
 H - a wand of light (4)
Scrolls
 e - a scroll of amnesia {unknown}
 i - a scroll of enchant weapon {unknown}
 k - a scroll of enchant armour {unknown}
 m - a scroll of vulnerability {unknown}
 p - a scroll of blinking {unknown}
 r - a scroll of poison {unknown}
 s - 2 scrolls of fog {unknown}
 t - 2 scrolls of noise {unknown}
 u - 2 scrolls of brand weapon {unknown}
 D - a scroll of magic mapping {unknown}
Potions
 d - a potion of might
 g - 3 potions of brilliance
 j - 2 potions of magic
 n - a potion of resistance
 v - 2 potions of curing
 A - a potion of lignification
 C - a potion of heal wounds
 E - a potion of cancellation {unknown}
 F - a potion of berserk rage {unknown}


   Skills:
 * Level 7.5 Fighting
 - Level 3.2(3.8) Axes
 - Level 3.5(4.2) Maces & Flails
 + Level 0.0(2.0) Staves
 + Level 6.1 Armour
 + Level 2.9 Dodging
 + Level 4.5 Shields


You had 7 spell levels left.
You didn't know any spells.
Your spell library contained the following spells:

 Spells                   Type           Power      Damage    Failure   Level
 Magic Dart               Conj           0%         1d3       99%         1
 Summon Small Mammal      Summ           0%         N/A       99%         1
 Searing Ray              Conj           0%         2d4       100%        2
 Call Canine Familiar     Summ           0%         N/A       100%        3
 Portal Projectile        Hex/Tloc       0%         N/A       100%        3
 Summon Guardian Golem    Hex/Summ       0%         N/A       100%        3
 Fulminant Prism          Conj/Hex       0%         3d6       100%        4
 Leda's Liquefaction      Hex/Erth       0%         N/A       100%        4
 Orb of Destruction       Conj           0%         9d5       100%        7
 Spellforged Servitor     Conj/Summ      0%         N/A       100%        7


Dungeon Overview and Level Annotations

Branches:
Dungeon (6/15)
 Temple: D:4-7

Altars:


Innate Abilities, Weirdness & Mutations

You are immune to sickness and miasma.
Your stone body is resilient. (AC +5)
You are immune to poison.
You resist negative energy. (rN+)
You are resistant to electric shocks. (rElec)
You are resistant to unholy torment.
You are immune to petrification.


Message History

You hit the orc but do no damage.
The orc is almost dead.
The orc hits you but does no damage.
You thump the orc!
You kill the orc!
No target in view!
Found a stone staircase leading down.
u - 2 scrolls labelled MUCKUCK MUWO (gained 1)
An orc priest comes into view. It is wielding a +0 hand axe.
The orc priest shouts!
An orc priest comes into view. It is wielding a +0 club.
The orc priest shouts!
You hear a shout!
An orc priest comes into view. It is wielding a +0 hand axe.
An orc wizard comes into view. It is wielding a +0 dagger.
An orc comes into view. It is wielding a +0 dagger.
The orc shouts!
The orc priest shouts!
The orc priest invokes the aid of Beogh against you.
Pain shoots through your body!
The orc priest calls down the wrath of Beogh upon you.
Beogh smites you!
You barely miss the orc priest.
The orc priest invokes the aid of Beogh against you.
Beogh smites you!
* * * LOW HITPOINT WARNING * * *
You barely miss the orc priest.
The orc wizard casts a spell.
The orc wizard flickers and vanishes!
Deactivating autopickup; reactivate with Ctrl-A.
You block the orc priest's attack.
You sock the orc priest!
The orc priest is heavily wounded.
The orc priest barely misses you.
You barely miss the orc priest.
The orc priest is heavily wounded.
The orc priest invokes the aid of Beogh against you.
Beogh smites you!
* * * LOW HITPOINT WARNING * * *
The orc priest mumbles some strange prayers to Beogh against you.
Beogh smites you!
You die... ..#. ... #.. #oo

#{#.. #o#.#
#o#.# #@#.#
#.#.#
#.#####.#.#
#.......#.#####.
######..........
##.#....... ..#
#.#.###### ...
#.#.# #.# #.#.#
#.##.#


You could see 3 orc priests and an orc.

Vanquished Creatures
  Pikel (D:5)
  Sigmund (D:4)
  An ice beast (D:5)
  A black bear (D:5)
  An ogre (D:5)
  4 lemures (D:5)
  2 scorpions (D:5)
  3 wights (D:5)
  A hound (D:5)
  2 jellies (D:5)
  Crazy Yiuf (D:2)
  7 adders
  A shadow imp (D:5)
  A white imp (D:5)
  2 ufetubi
  A dart slug (D:4)
  11 orcs
  4 endoplasms
  4 giant cockroaches
  2 goblins
  4 hobgoblins
  4 jackals (D:1)
  2 quokkas
  6 ball pythons
  3 bats
  6 frilled lizards
  5 kobolds
  5 rats
86 creatures vanquished.

Vanquished Creatures (others)
  A fungus (D:2)
1 creature vanquished.

Grand Total: 87 creatures vanquished

Notes
Turn   | Place    | Note
-------+----------+-------------------------------------------
     0 | D:1      | Decritt the Gargoyle Fighter began the quest for the Orb.
     0 | D:1      | Reached XP level 1. HP: 14/14 MP: 1/1
   546 | D:1      | Reached XP level 2. HP: 19/19 MP: 2/2
  1607 | D:2      | Reached XP level 3. HP: 16/23 MP: 3/3
  2004 | D:2      | You fall into a shaft and drop 2 floors!
  2087 | D:4      | Noticed Sigmund
  2108 | D:4      | Killed Sigmund
  2109 | D:4      | Reached skill level 4 in Fighting
  2109 | D:4      | Reached XP level 4. HP: 20/30 MP: 4/4
  2109 | D:4      | Reached XP level 5. HP: 23/34 MP: 5/5
  3425 | D:2      | Found a faded altar of an unknown god.
  3611 | D:2      | Found a runed translucent door.
  3612 | D:2      | Noticed Crazy Yiuf
  3628 | D:2      | Killed Crazy Yiuf
  3629 | D:2      | Reached XP level 6. HP: 7/39 MP: 6/6
  3874 | D:2      | Identified 3 scrolls of acquirement
  3877 | D:2      | Acquired the +6 executioner's axe "Poreb" {flame, *Noise
                  | Dex+2 SInv}
  3881 | D:2      | Acquired an amulet of reflection
  3890 | D:2      | Acquired the +1 pair of boots of Reor {Int-5 Dex+8}
  5353 | D:5      | Entered Level 5 of the Dungeon
  5353 | D:5      | Noticed an ice beast
  5354 | D:5      | Killed an ice beast
  5355 | D:5      | Reached skill level 5 in Fighting
  5358 | D:5      | Reached skill level 1 in Axes
  5358 | D:5      | Reached skill level 1 in Dodging
  5372 | D:5      | Noticed a black bear
  5376 | D:5      | Reached skill level 5 in Armour
  5376 | D:5      | Reached XP level 7. HP: 44/44 MP: 7/7
  5425 | D:5      | Reached skill level 6 in Fighting
  5566 | D:5      | Noticed Pikel
  5580 | D:5      | Killed Pikel
  5581 | D:5      | Reached skill level 7 in Fighting
  5581 | D:5      | Reached XP level 8. HP: 23/53 MP: 8/8
  5900 | D:5      | Acquired the +3 Elemental Staff {rElec rF++ rC++ AC+5}
  5900 | D:5      | Found the +3 Elemental Staff {rElec rF++ rC++ AC+5}
  6286 | D:6      | Killed from afar by an orc priest

Illustrated notes

Levels and vault maps discovered:
D:1:      amcnicky_arrival_underground_garden, layout_basic,
          nicolae_eternal_life
D:2:      layout_basic, shapermc_ecumenical_altar_mp_ritualfount,
          uniq_crazy_yiuf_cottage
D:3:      layout_loops_corners
D:4:      layout_layer_cave, portal_sewer_entry_e, kennysheep_generic_room_13,
          uniq_sigmund
D:5:      layout_rooms, uniq_pikel
D:6:      layout_loops_ring, nicolae_overflow_hallway_of_the_gods,
          grunt_qazlal_clouds

Skill      XL: |  1  2  3  4  5  6  7  8 |
---------------+-------------------------+-----
Fighting       | 4 5 7 |  7.5
Maces & Flails | 3 |  3.5
Armour         | 4 5 6 |  6.1
Shields        | 4 |  4.5
Axes           | 1 2 3 |  3.2
Dodging        | 1 2 |  2.9

Action                   |  1- 3 |  4- 6 |  7- 9 || total
-------------------------+-------+-------+-------++-------
Melee: Flail             |    71 |    45 |       ||   116
       Executioner's axe |       |    28 |    54 ||    82
       Staff             |       |       |    14 ||    14
Throw: Dart              |    44 |    18 |       ||    62
       Javelin           |     4 |    10 |       ||    14
  Use: Scroll            |       |    10 |     1 ||    11
Armor: Scale mail        |    33 |       |       ||    33
       Chain mail        |     5 |    49 |    83 ||   137
Dodge: Dodged            |    37 |    37 |    45 ||   119
Block: Buckler           |    18 |     8 |     4 ||    30
       Other             |       |     5 |    17 ||    22
       Reflection        |       |       |     1 ||     1

Table legend: (Time is in decaauts)
 A = Elapsed time spent in this place.
 B = Non-inter-level travel time spent in this place.
 C = Inter-level travel time spent in this place.
 D = Time resting spent in this place.
 E = Time spent auto-exploring this place.
 F = Levels seen in this place.
 G = Mean time per level.
                   A        B        C        D        E       F      G
               +--------+--------+--------+--------+--------+-----+--------+
         Total |   6397 |   6224 |    173 |    597 |   4717 |   6 | 1066.2 |
       Dungeon |   6397 |   6224 |    173 |    597 |   4717 |   6 | 1066.2 |
               +--------+--------+--------+--------+--------+-----+--------+

Top non-repeatable levels by time:
     D:2: 1638 daAuts
     D:1: 1480 daAuts
     D:4: 1355 daAuts
     D:3: 945 daAuts
     D:5: 898 daAuts
     D:6: 79 daAuts
